 Dungeon Crawl Stone Soup version 0.30.0-13-g156ef70053 (webtiles) character file.

Game seed: 14912713638463682854

44 cheesebisquit the Caller (level 3, -4/14 HPs)
             Began as a Felid Summoner on May 17, 2023.
             Slain by a gnoll
             ... wielding a +0 spear
              (6 damage)
             ... on level 2 of the Dungeon.
             The game lasted 00:05:14 (1407 turns).

cheesebisquit the Caller (Felid Summoner)           Turns: 1407, Time: 00:05:14

Health: -4/14      AC:  1    Str:  4    XL:     3   Next: 41%
Magic:  6/8        EV: 17    Int: 18    God:
Gold:   102        SH:  0    Dex: 16    Spells: 4/7 levels left
                                        Lives:  0   Deaths: 0

rFire   . . .        (weapon unavailable)
rCold   . . .        (shield unavailable)
rNeg    . . .        (body armour unavailable)
rPois   .            (helmet unavailable)
rElec   .            (cloak unavailable)
rCorr   .            (gloves unavailable)
SInv    +            (boots unavailable)
Will    .....        (no amulet)
Stlth   ++           (no ring)
HPRegen 0.22/turn    (no ring)
MPRegen 0.11/turn

%: no passive effects
@: quick
A: very small, claws 1, fangs 3, see invisible, speed 1, shaggy fur 1, stealthy
paws, no weapons or thrown items, no armour, multi-lived
a: no special abilities


You were on level 2 of the Dungeon.
You visited 1 branch of the dungeon, and saw 2 of its levels.

You collected 102 gold pieces.

Inventory:

Scrolls
 b - 2 scrolls of magic mapping {unknown}
 g - a scroll of poison {unknown}
 h - 2 scrolls of enchant weapon {unknown}
 i - a scroll of summoning {unknown}
 j - a scroll of vulnerability {unknown}
 k - a scroll of fog {unknown}
Potions
 a - 2 potions of magic
 c - a potion of curing {unknown}
 d - a potion of brilliance {unknown}
 e - a potion of haste {unknown}
 f - a potion of might {unknown}
 l - a potion of lignification {unknown}


   Skills:
 - Level 2.6 Dodging
 - Level 2.6 Stealth
 + Level 2.9 Spellcasting
 + Level 4.6 Summonings


You had 4 spell levels left.
You knew the following spells:

 Your Spells              Type           Power      Damage    Failure   Level
a - Summon Small Mammal   Summ           76%        N/A       2%          1
b - Call Imp              Summ           38%        N/A       3%          2

Your spell library contained the following spells:

 Spells                   Type           Power      Damage    Failure   Level
 Call Canine Familiar     Summ           19%        N/A       8%          3
 Summon Guardian Golem    Hex/Summ       11%        N/A       19%         3
 Blink                    Tloc           4%         N/A       26%         2
 Summon Lightning Spire   Summ/Air       11%        N/A       54%         4
 Manifold Assault         Tloc           2%         N/A       86%         4
 Storm Form               Tmut/Air       1%         N/A       100%        7


Dungeon Overview and Level Annotations

Branches:
Dungeon (2/15)

Altars:


Innate Abilities, Weirdness & Mutations

You have sharp claws.
You have razor-sharp teeth.
You have supernaturally acute eyesight. (SInv)
You cover ground quickly. (Speed+)
You are covered in fur. (AC +1)
Your paws help you pounce on unaware monsters.
You are incapable of wielding weapons or throwing items.
You cannot wear armour.
You gain extra lives every three experience levels.


Message History

The throwing net hits your rat.
Your rat is caught in the net!
Your rat is held in a net!
Your rat is held in a net!
Your rat struggles against the net.
Your rat struggles against the net.
Your quokka closely misses the gnoll.
Your rat struggles against the net.
Your rat struggles against the net.
The gnoll throws a throwing net.
The throwing net hits you.
You become entangled in the net!
Your quokka bites the gnoll.
You see here a throwing net.
You struggle against the net.
Your quokka barely misses the gnoll.
You tear a large gash into the net.
A gnoll comes into view. It is wielding a +0 whip.
The gnoll hits you from afar with a +0 spear.
A gnoll comes into view. It is wielding a +0 flail.
Your quokka barely misses the gnoll.
You struggle against the net.
The gnoll hits you from afar with a +0 spear.
Your quokka closely misses the gnoll.
Okay, then.
You rip the net and break free!
The gnoll closely misses you.
Your rat bites the gnoll but does no damage.
Your quokka barely misses the gnoll.
Your quokka bites the gnoll.
Your rat bites the gnoll.
Your quokka bites the gnoll.
Your quokka bites the gnoll.
Your quokka bites the gnoll but does no damage.
Your rat bites the gnoll but does no damage.
Your quokka bites the gnoll.
Your rat barely misses the gnoll.
Your rat barely misses the gnoll.
Your quokka bites the gnoll but does no damage.
Something closely misses your quokka. The gnoll barely misses you.
Your bat barely misses the gnoll.
The gnoll hits you with a +0 whip!
Ouch! That really hurt!
* * * LOW HITPOINT WARNING * * *
The gnoll hits you from afar with a +0 spear.
You die...

####....# #####.###...#
...#....#########.#####.##
.........(........).....[.
..#....###.########....#.
#....###.#########.###.
#....#......#....#.# ##
#...r#.#.##.#.#.##.# ..
####r#.#....#.#....#### ..
#####g#@#....#.#####.... .
.#.....#g#....#.# #......
#.......g.r....#.###......
###.#.##..b..#.#...#......
### #
#.##.....#.##..รท......
... #........#.....#......
## # ##.......#...#......
#### ..#.........#.####.
...###.# ...#.#...#.#.#.#
#.


You could see 2 gnolls, a friendly bat (summoned) and a friendly rat (summoned).

Vanquished Creatures
  2 bats
2 creatures vanquished.

Vanquished Creatures (collateral kills)
  Jessica (D:2)
  4 ball pythons
  An endoplasm (D:2)
  2 giant cockroaches (D:1)
  A goblin (D:2)
  A hobgoblin (D:2)
  2 kobolds
  2 quokkas
  2 frilled lizards
  A rat (D:1)
17 creatures vanquished.

Grand Total: 19 creatures vanquished

Notes
Turn   | Place    | Note
-------+----------+-------------------------------------------
     0 | D:1      | cheesebisquit the Felid Summoner began the quest for the
                  | Orb.
     0 | D:1      | Reached XP level 1. HP: 7/7 MP: 4/4
   109 | D:1      | Found a faded altar of an unknown god.
   567 | D:1      | Reached XP level 2. HP: 11/11 MP: 3/6
   648 | D:1      | Learned a level 2 spell: Call Imp
   993 | D:2      | Noticed Jessica
  1020 | D:2      | Killed Jessica
  1021 | D:2      | Reached XP level 3. HP: 14/14 MP: 5/8
  1407 | D:2      | Slain by a gnoll

Illustrated notes

Levels and vault maps discovered:
D:1:      minmay_arrival_radiant_lines, layout_basic,
          hellmonk_ecumenical_altar_blasted
D:2:      minmay_spotlight, layout_basic, nrook_uturn, minmay_pentomino_t2,
          uniq_jessica

Action                     || total
---------------------------++-------
  Melee: Unarmed           ||     8
   Cast: Summon Small Mamm ||    36
         Call Imp          ||     4
 Armour: Skin              ||     3
  Dodge: Dodged            ||    18
